 Dungeon Crawl Stone Soup version 0.21-a0-279-g6037ffb (webtiles) character file.

1719 dricus the Basher (level 9, -5/73 HPs)
             Began as a Vine Stalker Berserker on Sept 23, 2017.
             Was an Elder of Trog.
             Slain by an orc warrior
             ... wielding a +0 halberd
              (7 damage)
             ... on level 7 of the Dungeon.
             The game lasted 00:09:28 (6248 turns).

dricus the Basher (Vine Stalker Berserker)          Turns: 6248, Time: 00:09:30

Health: -5/73      AC: 12    Str: 28    XL:     9   Next: 4%
Magic:  0/10       EV:  8    Int:  7    God:    Trog [****..]
Gold:   200        SH:  3    Dex: 14    Spells: 8/8 levels left

rFire    . . .     SeeInvis .   a - +0 flail
rCold    + . .     Gourm    .   (no shield)
rNeg     . . .     Faith    .   B - +0 plate armour
rPois    .         Spirit   +   (no helmet)
rElec    .         Reflect  +   n - +0 cloak
rCorr    .         Harm     .   G - +0 pair of gloves
MR       +....                  (no boots)
Stlth    ..........             k - +3 amulet of reflection
HPRegen  0.62/turn              t - ring of stealth
MPRegen  0.12/turn              o - ring of protection from cold

@: berserking, very quick
A: fangs 3, regeneration 1, magic shield, antimagic bite, no potion heal 3, rot
immunity
a: Berserk, Trog's Hand, Brothers in Arms, Burn Spellbooks, Renounce Religion


You were on level 7 of the Dungeon.
You worshipped Trog.
Trog was greatly pleased with you.
You were hungry.

You visited 1 branch of the dungeon, and saw 7 of its levels.

You collected 267 gold pieces.
You spent 67 gold pieces at shops.

Inventory:

Hand Weapons
 a - a +0 flail (weapon)
Armour
 n - a +0 cloak (worn)
 B - a +0 plate armour (worn)
 G - a +0 pair of gloves (worn)
Jewellery
 k - a +3 amulet of reflection (around neck)
 o - a ring of protection from cold (right hand)
 t - a ring of stealth (left hand)
Wands
 r - a wand of lightning (4/15)
 u - a wand of random effects (17/48)
 y - a wand of acid (6/15)
Scrolls
 d - a scroll of recharging {unknown}
 e - 2 scrolls of fear
 g - 3 scrolls of remove curse
 j - 4 scrolls of teleportation
 m - a scroll of enchant armour {unknown}
 p - a scroll of blinking {unknown}
 x - a scroll of immolation {unknown}
 D - a scroll of random uselessness {unknown}
 E - a scroll of holy word {unknown}
 F - a scroll of magic mapping {unknown}
Potions
 b - 2 potions of curing {@q9}
 f - a potion of agility
 h - a potion of brilliance
 l - 2 potions of flight
 q - a potion of berserk rage {unknown}
 v - a potion of cancellation {unknown}
 w - a potion of might {unknown}
 A - a potion of haste {unknown}
Comestibles
 c - 5 bread rations
 i - 6 chunks of flesh
 s - 5 fruits
 z - 2 meat rations
 C - 2 royal jellies


   Skills:
 + Level 6.5 Fighting
 * Level 8.9 Maces & Flails
 - Level 1.5 Armour
 - Level 1.5 Dodging


You had 8 spell levels left.
You didn't know any spells.

Dungeon Overview and Level Annotations

Branches:
Dungeon (7/15)             Temple (0/1) D:4

Altars:
Ashenzari
Gozag
Hepliaklqana
Kikubaaqudgha
Nemelex Xobeh
Yredelemnul
The Shining One

Shops:
D:6 [


Innate Abilities, Weirdness & Mutations

You have razor-sharp teeth.
Your natural rate of healing is unusually fast.
When hurt, damage is shared between your health and your magic reserves.
Your bite disrupts and absorbs the magic of your enemies.
Potions cannot restore your health.
You are immune to rotting.


Message History

You feel invigorated.
The orc warrior is lightly wounded.
The orc warrior hits you with a halberd!
* * * LOW HITPOINT WARNING * * *
You hit the orc warrior.
The orc warrior is lightly wounded.
The orc warrior hits you with a halberd.
* * * LOW HITPOINT WARNING * * *
A red film seems to cover your vision as you go berserk!
You feel yourself moving faster!
You feel mighty!
You are feeling hungry.
The orc warrior hits you with a halberd!
* * * LOW HITPOINT WARNING * * *
A centaur comes into view.
You closely miss the orc warrior.
The orc warrior is lightly wounded.
You closely miss the orc warrior.
The orc warrior is lightly wounded.
The orc warrior hits you with a halberd!
You die...

#..####....###.############.#
#.........>.................#
#.#####.............#########
#.#####.##......###.#
#..........###### #.#
######..##.# #.# #.###.# #.#
#.###.########.#
#.##.coo@......#
#.##.Z########## #.##...
#.###.# #.# #.#


You could see an orc warrior, a centaur, an orc and a centaur skeleton
(wandering).

Vanquished Creatures
  Grinder (D:3)
  Sigmund (D:2)
  Menkaure (D:6)
  An orc warrior (D:6)
  A phantom (D:7)
  An ogre (D:6)
  A big kobold (D:7)
  A bullfrog (D:6)
  A howler monkey (D:5)
  2 bullfrog skeletons
  3 orc priests
  Crazy Yiuf (D:2)
  3 hounds (D:5)
  2 iguanas
  4 orc wizards
  8 worker ants
  A worker ant zombie (D:3)
  6 adders
  An ooze (D:2)
  2 adder skeletons
  2 worms (D:5)
  3 dart slugs
  3 leopard geckos
  18 orcs
  7 bats
  3 giant cockroaches
  8 goblins
  5 hobgoblins
  7 jackals
  14 kobolds
  3 quokkas (D:2)
  A ball python (D:3)
  6 frilled lizards
  A leopard gecko skeleton (D:6)
  7 rats
130 creatures vanquished.

Notes
Turn   | Place    | Note
-------+----------+-------------------------------------------
     0 | D:1      | dricus the Vine Stalker Berserker began the quest for the Orb.
     0 | D:1      | Reached XP level 1. HP: 11/11 MP: 2/2
   377 | D:1      | Reached XP level 2. HP: 16/16 MP: 3/3
   381 | D:1      | Reached skill level 3 in Maces & Flails
  1185 | D:2      | Reached XP level 3. HP: 19/20 MP: 2/4
  1439 | D:2      | Noticed Sigmund
  1451 | D:2      | Killed Sigmund
  1451 | D:2      | Reached ** piety under Trog
  1451 | D:2      | Reached skill level 5 in Maces & Flails
  1451 | D:2      | Gained mutation: Your natural rate of healing is unusually fast. [Vine Stalker growth]
  1451 | D:2      | Reached XP level 4. HP: 22/25 MP: 5/5
  1451 | D:2      | Reached XP level 5. HP: 25/29 MP: 6/6
  1652 | D:2      | Reached XP level 6. HP: 27/33 MP: 7/7
  1760 | D:2      | Found a runed door.
  2069 | D:2      | Noticed Crazy Yiuf
  2074 | D:2      | Killed Crazy Yiuf
  2540 | D:3      | Found an ancient bone altar of Kikubaaqudgha.
  2713 | D:3      | Reached *** piety under Trog
  2719 | D:3      | Found a shattered altar of Ashenzari.
  2830 | D:3      | Noticed Grinder
  2830 | D:3      | Paralysed by Grinder for 6 turns
  2840 | D:3      | Killed Grinder
  2840 | D:3      | Reached skill level 6 in Maces & Flails
  2840 | D:3      | Reached XP level 7. HP: 33/38 MP: 8/8
  3055 | D:4      | Found a basalt altar of Yredelemnul.
  3097 | D:4      | Found a glowing golden altar of the Shining One.
  3354 | D:4      | Found a hazy altar of Hepliaklqana.
  3411 | D:4      | Reached skill level 5 in Fighting
  3683 | D:4      | Found a staircase to the Ecumenical Temple.
  3773 | D:4      | Found an opulent altar of Gozag.
  3774 | D:4      | Found a sparkling altar of Nemelex Xobeh.
  4008 | D:4      | Noticed an angel
  4081 | D:5      | Entered Level 5 of the Dungeon
  4217 | D:5      | Reached skill level 7 in Maces & Flails
  4223 | D:5      | Gained mutation: You have razor-sharp teeth. [Vine Stalker growth]
  4223 | D:5      | Reached XP level 8. HP: 42/43 MP: 9/9
  5215 | D:6      | Noticed Menkaure
  5230 | D:6      | Killed Menkaure
  5322 | D:6      | Found Waecajepn's Armour Shoppe.
  5327 | D:6      | Bought a +0 pair of gloves for 67 gold pieces
  5343 | D:6      | Reached skill level 8 in Maces & Flails
  5490 | D:6      | Reached **** piety under Trog
  6065 | D:7      | Reached XP level 9. HP: 16/49 MP: 10/10
  6246 | D:7      | HP: 1/73 [orc warrior/halberd (12)]
  6248 | D:7      | Slain by an orc warrior

Vault maps used:
D:1:      lightli_arrival_windingriver
D:2:      minmay_misc_feat_iff, serial_bayou_pond_e, uniq_sigmund,
          uniq_crazy_yiuf_cottage
D:3:      marbit_many_paths, kiku_gazebo_pond_becter, uniq_grinder
D:4:      grunt_temple_overflow_holy_war, grunt_temple_overflow_opulence,
          nicolae_overflow_crystal_walls, minmay_temple_entry_glassed_door
D:5:      first_bread, kennysheep_nondescript
D:6:      serial_shops, shop, uniq_menkaure
D:7:      grunt_dithmenos_smoke_and_mirrors

Skill      XL: |  1  2  3  4  5  6  7  8 |
---------------+-------------------------+-----
Maces & Flails | 3 5 6 7 8 |  8.9
Fighting       | 3 4 5 6 |  6.5
Armour         | |  1.5
Dodging        | |  1.5

Action                   |  1- 3 |  4- 6 |  7- 9 || total
-------------------------+-------+-------+-------++-------
Melee: Mace              |    92 |    71 |    50 ||   213
       Bite              |    20 |    23 |    72 ||   115
       Flail             |       |       |   183 ||   183
Invok: Berserk           |     1 |     1 |     2 ||     4
       Trog's Hand       |       |     1 |       ||     1
  Use: Scroll            |     1 |       |    10 ||    11
 Stab: Sleeping          |     2 |       |       ||     2
  Eat: Chunk             |     2 |     5 |     5 ||    12
       Bread ration      |       |       |     2 ||     2
Armor: Animal skin       |     5 |       |       ||     5
       Ring mail         |    15 |    20 |    32 ||    67
       Plate armour      |       |       |    97 ||    97
Dodge: Dodged            |    63 |    29 |    90 ||   182
Block: Other             |       |       |    29 ||    29
       Reflection        |       |       |     3 ||     3

Table legend:
 A = Spawn XP
 B = Non-spawn XP
 C = Spawn XP percentage of total XP
 D = Spawn monster count
 E = Non-spawn monster count
 F = Spawn count percentage of total count
 G = Total turns spent on level
                    A         B        C        D         E        F      G
               +---------+---------+-------+---------+---------+-------+---------
         Total |       0 |    2456 |   0.0 |       0 |     130 |   0.0 |  6248
               +---------+---------+-------+---------+---------+-------+---------
           D:1 |       0 |      29 |   0.0 |       0 |      20 |   0.0 |  1178
           D:2 |       0 |     347 |   0.0 |       0 |      22 |   0.0 |   931
           D:3 |       0 |     349 |   0.0 |       0 |      23 |   0.0 |   852
           D:4 |       0 |     333 |   0.0 |       0 |      19 |   0.0 |  1120
           D:5 |       0 |     370 |   0.0 |       0 |      13 |   0.0 |  1051
           D:6 |       0 |     600 |   0.0 |       0 |      15 |   0.0 |   716
           D:7 |       0 |     428 |   0.0 |       0 |      18 |   0.0 |   400
               +---------+---------+-------+---------+---------+-------+---------
